 Dungeon Crawl Stone Soup version 0.20.1-1-g8b1a95d (webtiles) character file.

2425 Mimshu the Slicer (level 9, -4/68 HPs)
             Began as a Human Berserker on Nov 30, 2017.
             Was an Elder of Trog.
             Slain by WiZmei's ghost (9 damage)
             ... on level 6 of the Dungeon.
             The game lasted 00:38:53 (6905 turns).

Mimshu the Slicer (Human Berserker)                 Turns: 6905, Time: 00:38:54

Health: -4/68      AC:  9    Str: 18    XL:     9   Next: 76%
Magic:  10/10      EV: 13    Int:  7    God:    Trog [****..]
Gold:   306        SH:  0    Dex: 16    Spells: 8/8 levels left

rFire    . . .     SeeInvis .   d - +1 short sword (venom)
rCold    . . .     Gourm    .   (no shield)
rNeg     . . .     Faith    .   A - +0 ring mail
rPois    +         Spirit   .   (no helmet)
rElec    .         Reflect  .   w - +2 cloak
rCorr    .         Harm     .   (no gloves)
MR       +++..                  (no boots)
Stlth    +.........             n - amulet of rage
Regen    1.3/turn               e - ring of protection from magic
MPRegen  0.2/turn               l - ring of poison resistance

@: berserk cooldown, regenerating, slowed, very slow
A: no striking features
a: Berserk, Trog's Hand, Brothers in Arms, Burn Spellbooks, Renounce Religion,
Evoke Berserk Rage


You were on level 6 of the Dungeon.
You worshipped Trog.
Trog was greatly pleased with you.
You were very hungry.

You visited 1 branch of the dungeon, and saw 6 of its levels.

You collected 306 gold pieces.

Inventory:

Hand Weapons
 a - a +0 falchion
 d - a +1 short sword of venom (weapon)
 f - a +0 hand axe of chopping
 k - a +0 dagger
 I - a +0 giant club
 J - a cursed -1 mace
 N - a +1 falchion of slicing
Armour
 b - a +0 animal skin
 g - a +0 chain mail
 h - a +0 ring mail
 w - a +2 cloak (worn)
 A - a +0 ring mail (worn)
 D - a +0 plate armour
 O - a +2 hat
Jewellery
 e - a ring of protection from magic (left hand)
 l - a ring of poison resistance (right hand)
 n - an amulet of rage (around neck)
 p - a +4 ring of evasion {unknown}
 s - an uncursed amulet of the gourmand
 B - an uncursed amulet of faith
 F - an uncursed ring of positive energy {unknown}
 Q - a cursed -6 ring of protection {unknown}
Wands
 G - a wand of iceblast (2/15)
 H - a wand of random effects (24/48)
 K - a wand of confusion (7/48)
 P - a wand of flame (27/48)
Scrolls
 j - 3 scrolls of remove curse
 r - 3 scrolls of blinking
 t - a scroll of fear
 y - a scroll of fog {unknown}
 E - 2 scrolls of teleportation {unknown}
 L - a scroll of amnesia {unknown}
Potions
 c - 4 potions of curing {unknown}
 i - 3 potions of haste
 o - 2 potions of might
 q - a potion of resistance {unknown}
 u - 2 potions of degeneration {unknown}
 v - a potion of flight {unknown}
 x - a potion of cancellation {unknown}
 C - 3 potions of mutation {unknown}
 M - a potion of ambrosia {unknown}
Comestibles
 m - 2 royal jellies
 z - 4 fruits
 R - 10 chunks of flesh
 S - a meat ration


   Skills:
 + Level 5.5 Fighting
 * Level 9.0(9.3) Short Blades
 - Level 3.3(6.6) Long Blades
 - Level 0.4 Axes
 + Level 5.4 Armour
 + Level 4.2 Dodging
 + Level 1.5 Stealth
 + Level 1.6 Evocations


You had 8 spell levels left.
You didn't know any spells.

Dungeon Overview and Level Annotations

Branches:
Dungeon (6/15)
 Temple: D:4-7

Altars:
Ru
Trog

Annotations:
D:6 WiZmei's ghost, novice GrFi


Message History

WiZmei's ghost is heavily damaged.
You feel a strong urge to attack something.
Some of the chunks of flesh in your inventory have rotted away.
You are no longer berserk.
You are exhausted.
You feel yourself slow down. WiZmei's ghost barely misses you.
You hit WiZmei's ghost.
WiZmei's ghost is heavily damaged.
WiZmei's ghost hits you.
* * * LOW HITPOINT WARNING * * *
You hit WiZmei's ghost.
WiZmei's ghost is heavily damaged.
WiZmei's ghost hits you!
* * * LOW HITPOINT WARNING * * *
WiZmei's ghost hits you!
* * * LOW HITPOINT WARNING * * *
Found a scroll of fear.
An orc comes into view. It is wielding a hand axe.
WiZmei's ghost hits you!
You die...

... #..#
o... #..#
....###..#
o........#
....?....#
.........#
(........#
#@.# #W.#
#..# #..#
#..# #o.#
#<.# ##o#
...


You could see an orc warrior, 2 orc wizards, WiZmei's ghost and an orc.

Vanquished Creatures
  Pikel (D:5)
  Grinder (D:5)
  The ghost of kalagan the Firebug, an amateur DEFE (D:5)
  Eustachio (D:5)
  Edmund (D:5)
  The ghost of WiZmei the Shield-Bearer, an amateur GrFi (D:3)
  2 slaves (D:5)
  3 ogres
  A centaur (D:5)
  A big kobold (D:5)
  3 scorpions
  A crimson imp (D:5)
  A bullfrog zombie (D:5)
  A jelly (D:3)
  A hound (D:5)
  An orc priest (D:4)
  3 orc wizards
  A bullfrog skeleton (D:5)
  2 iguanas (D:5)
  Natasha (twice) (D:3)
  A worker ant (D:5)
  A hound zombie (D:5)
  Robin (D:4)
  7 adders
  7 gnolls (D:5)
  A shadow imp (D:5)
  An adder zombie (D:5)
  An ooze (D:1)
  An adder skeleton (D:4)
  3 worms
  10 dart slugs
  2 leopard geckos
  6 orcs
  3 ball pythons
  12 bats
  4 giant cockroaches
  17 goblins
  11 hobgoblins
  11 jackals
  2 quokkas
  A ball python skeleton (D:4)
  7 frilled lizards
  26 kobolds
  A leopard gecko skeleton (D:6)
  3 rats
  A fungus (D:1)
  2 plants (D:5)
172 creatures vanquished.

Vanquished Creatures (collateral kills)
  3 orcs (D:4)
3 creatures vanquished.

Vanquished Creatures (others)
  A slave (D:5)
  A quokka zombie (D:5)
  2 plants (D:5)
4 creatures vanquished.

Grand Total: 179 creatures vanquished

Notes
Turn   | Place    | Note
-------+----------+-------------------------------------------
     0 | D:1      | Mimshu the Human Berserker began the quest for the Orb.
     0 | D:1      | Reached XP level 1. HP: 18/18 MP: 1/1
   189 | D:1      | Reached XP level 2. HP: 22/24 MP: 2/2
   331 | D:1      | Reached XP level 3. HP: 29/29 MP: 3/3
   796 | D:1      | Reached ** piety under Trog
  1641 | D:2      | Reached XP level 4. HP: 33/37 MP: 4/4
  1887 | D:2      | Reached skill level 1 in Short Blades
  2155 | D:3      | Found a sacrificial altar of Ru.
  2171 | D:3      | Reached XP level 5. HP: 42/42 MP: 5/5
  2204 | D:3      | Reached skill level 2 in Short Blades
  2240 | D:3      | Noticed Natasha
  2249 | D:3      | Killed Natasha
  2377 | D:3      | Reached *** piety under Trog
  2548 | D:3      | Noticed WiZmei's ghost (amateur GrFi)
  2562 | D:3      | Killed WiZmei's ghost
  2562 | D:3      | Reached skill level 3 in Short Blades
  2562 | D:3      | Reached XP level 6. HP: 48/48 MP: 6/6
  3220 | D:3      | Noticed Natasha
  3226 | D:3      | Killed Natasha
  3226 | D:3      | Reached skill level 4 in Short Blades
  3226 | D:3      | Reached XP level 7. HP: 43/54 MP: 7/7
  3893 | D:4      | Noticed Robin
  3902 | D:4      | Killed Robin
  3999 | D:4      | Reached skill level 5 in Short Blades
  4100 | D:4      | Reached **** piety under Trog
  4345 | D:5      | Entered Level 5 of the Dungeon
  4421 | D:5      | Reached XP level 8. HP: 58/61 MP: 8/8
  4512 | D:5      | Reached skill level 6 in Short Blades
  4786 | D:5      | Noticed Pikel
  4817 | D:5      | Killed Pikel
  4817 | D:5      | Reached skill level 5 in Fighting
  4817 | D:5      | Reached skill level 7 in Short Blades
  4817 | D:5      | Reached skill level 1 in Evocations
  5166 | D:5      | Reached XP level 9. HP: 68/68 MP: 9/9
  5354 | D:5      | Noticed Edmund
  5382 | D:5      | Killed Edmund
  5480 | D:5      | Noticed Eustachio
  5493 | D:5      | Reached skill level 8 in Short Blades
  5493 | D:5      | Reached skill level 1 in Stealth
  5537 | D:5      | Killed Eustachio
  5537 | D:5      | Reached skill level 5 in Armour
  5791 | D:5      | Found a bloodstained altar of Trog.
  5957 | D:5      | Noticed Grinder
  5971 | D:5      | Killed Grinder
  6389 | D:5      | Noticed kalagan's ghost (amateur DEFE)
  6453 | D:5      | Killed kalagan's ghost
  6453 | D:5      | Reached skill level 9 in Short Blades
  6861 | D:6      | Noticed WiZmei's ghost (novice GrFi)
  6903 | D:6      | HP: 1/68 [WiZmei's ghost (7)]
  6905 | D:6      | Slain by WiZmei's ghost

Skill      XL: |  1  2  3  4  5  6  7  8  9 |
---------------+----------------------------+-----
Short Blades   | 1 3 4 5 7 9 |  9.0
Dodging        | 3 4 |  4.2
Fighting       | 4 5 |  5.5
Armour         | 3 4 5 |  5.4
Evocations     | 1 |  1.6
Stealth        | 1 |  1.5
Long Blades    | |  3.3
Axes           | |  0.4

Action                   |  1- 3 |  4- 6 |  7- 9 || total
-------------------------+-------+-------+-------++-------
Melee: Falchion          |    64 |       |       ||    64
       Hand axe          |    42 |       |       ||    42
       Short sword       |    21 |   154 |   456 ||   631
Invok: Brothers in Arms  |       |       |     1 ||     1
       Trog's Hand       |       |       |     4 ||     4
       Berserk           |       |       |     2 ||     2
 Abil: Evoke Berserk Rag |       |     1 |     3 ||     4
  Use: Scroll            |       |       |     8 ||     8
 Stab: Paralysed         |       |     1 |       ||     1
  Eat: Chunk             |     1 |     2 |     4 ||     7
       Bread ration      |     1 |       |     2 ||     3
       Meat ration       |       |     1 |       ||     1
       Fruit             |       |       |     1 ||     1
Armor: Animal skin       |    19 |       |       ||    19
       Chain mail        |    66 |    91 |     7 ||   164
       Ring mail         |       |       |   125 ||   125
Dodge: Dodged            |   112 |    50 |   248 ||   410
       Rpst.: Falchion   |    17 |       |       ||    17
